 Dungeon Crawl Stone Soup version 0.30.0-5-g1a98f26d00 (webtiles) character file.

Game seed: 1462477672038267989

235 shadowrider38 the Trooper (level 6, 0/52 HPs)
             Began as a Formicid Enchanter on May 10, 2023.
             Was a Follower of Makhleb.
             Slain by Crazy Yiuf
             ... wielding a +4 quarterstaff of chaos
              (3 damage)
             ... on level 3 of the Dungeon.
             The game lasted 00:05:48 (2447 turns).

shadowrider38 the Trooper (Formicid Enchanter)      Turns: 2447, Time: 00:05:48

Health: 0/52       AC:  2    Str: 14    XL:     6   Next: 26%
Magic:  9/9        EV: 12    Int: 15    God:    Makhleb [*.....]
Gold:   168        SH:  0    Dex: 14    Spells: 7/9 levels left

rFire   . . .        a - +4 dagger
rCold   . . .        (no shield)
rNeg    . . .        b - +0 robe
rPois   .            (helmet unavailable)
rElec   .            (no cloak)
rCorr   .            (no gloves)
SInv    +            (no boots)
Will    .....        (no amulet)
Stlth   +            (no ring)
HPRegen 0.28/turn    (no ring)
MPRegen 0.11/turn

%: no passive effects
@: confused, lethally poisoned (0 -> -6), ambrosia-drunk
A: permanent stasis, dig shafts and tunnels, antennae 3, four strong arms
a: Dig, Shaft Self, Renounce Religion


You were on level 3 of the Dungeon.
You worshipped Makhleb.
Makhleb was aware of your devotion.
You visited 1 branch of the dungeon, and saw 3 of its levels.

You collected 168 gold pieces.

Inventory:

Hand Weapons
 a - a +4 dagger (weapon)
Missiles
 k - 10 poisoned darts
Armour
 b - a +0 robe (worn)
 h - a +0 kite shield
Magical Staves
 g - a staff of cold
Scrolls
 j - a scroll of poison
Potions
 c - 2 potions of invisibility
 f - a potion of mutation
 l - a potion of flight


   Skills:
 + Level 6.2 Fighting
 - Level 1.0 Short Blades
 - Level 1.7 Dodging
 - Level 3.6 Stealth
 - Level 2.1 Spellcasting
 - Level 3.6 Hexes


You had 7 spell levels left.
You knew the following spells:

 Your Spells              Type           Power      Damage    Failure   Level
a - Ensorcelled Hibernat  Hex/Ice        14%        N/A       16%         2

Your spell library contained the following spells:

 Spells                   Type           Power      Damage    Failure   Level
 Confusing Touch          Hex            12%        N/A       14%         3
 Tukima's Dance           Hex            12%        N/A       14%         3
 Apportation              Tloc           2%         N/A       22%         1
 Necrotise                Necr           4%         1d4       22%         1
 Summon Small Mammal      Summ           4%         N/A       22%         1
 Dazzling Flash           Conj/Hex       14%        N/A       30%         3
 Lesser Beckoning         Tloc           2%         N/A       32%         2
 Momentum Strike          Conj/Tloc      2%         3d8       32%         2
 Poisonous Vapours        Pois/Air       2%         N/A       32%         2
 Sublimation of Blood     Necr           1%         N/A       32%         2
 Wereblood                Tmut           1%         N/A       32%         2
 Mephitic Cloud           Conj/Pois/Air  1%         N/A       54%         3
 Arcjolt                  Conj/Air       0%         1d10      99%         5
 Freezing Cloud           Conj/Ice/Air   0%         6-21      99%         5
 Summon Hydra             Summ           0%         N/A       100%        7
 Maxwell's Capacitive Co  Air            0%         ∞         100%        8
 Blink                    Tloc           Unusable   N/A       N/A         2
 Vhi's Electric Charge    Tloc/Air       Unusable   N/A       N/A         3

Dungeon Overview and Level Annotations

Branches:
Dungeon (3/15)

Altars:
Makhleb
Xom

Shops:
D:1 ?

Annotations:
D:3 exclusions: rat and sleepcap, Crazy Yiuf, Ijyb


Innate Abilities, Weirdness & Mutations

You cannot be hasted, slowed, berserked, paralysed or teleported.
You can dig through walls and to a lower floor.
You have a pair of large antennae on your head. (SInv)
Your four strong arms can wield two-handed weapons with a shield.


Message History

Crazy Yiuf shouts!
Could not explore, unopened runed door.
Could not explore, unopened runed door.
Could not explore, unopened runed door.
Unknown command.
Okay, then.
Okay, then.
Press: ? - help, v - describe, . - travel
Here: Crazy Yiuf, wielding a +4 quarterstaff of chaos and wearing a +0 cloak (fire blocked by a runed translucent door)
The floor.
Unknown command.
Casting: Ensorcelled Hibernation (safe; 16% risk of failure)
Confirm with . or Enter, or press ? or * to list all spells.
Okay, then.
Okay, then.
Unknown command.
You open the door. You barely miss Crazy Yiuf.
Crazy Yiuf hits you with a +4 quarterstaff of chaos!
You are poisoned.
You hit Crazy Yiuf.
Crazy Yiuf is moderately wounded.
You feel very sick. Crazy Yiuf closely misses you.
You barely miss Crazy Yiuf.
Crazy Yiuf is moderately wounded.
You feel very sick. Crazy Yiuf barely misses you.
You hit Crazy Yiuf.
Crazy Yiuf is moderately wounded.
You feel very sick.
Crazy Yiuf hits you with a +4 quarterstaff of chaos!
* * * LOW HITPOINT WARNING * * *
You are too injured to fight recklessly!
Okay, then.
It was a potion of ambrosia.
You are confused.
You feel invigorated.
You feel sick. Crazy Yiuf closely misses you.
Okay, then.
You are too confused!
Unknown command.
You bump into the rock wall.
You feel very sick.
Crazy Yiuf twirls on the spot.
Crazy Yiuf barely misses you.
You bump into the rock wall.
You feel sick.
Crazy Yiuf hits you with a +4 quarterstaff of chaos!
* * * LOW HITPOINT WARNING * * *
Crazy Yiuf burns you.
You die...

##.. .. #####
#...... #..)#
#...#.# #...# ...#.#
... ...#.# #g#
#...####.f { ##@#
#......... #.##
#..#.#### ##.#
####..#..... #.##
#.....#..... ###
##.## #####.#.....
###.# #...##
#.#.####
########...# #....#
#####...##..
.......#.#.# #....#
#.....####..
...........#
##..#####...........


You could see Crazy Yiuf.

Vanquished Creatures
  Grinder (D:3)
  An adder (D:2)
  A dart slug (D:1)
  5 endoplasms
  4 goblins
  4 hobgoblins
  7 jackals (D:1)
  5 kobolds
  2 quokkas
  3 ball pythons
  A bat (D:1)
  3 frilled lizards (D:2)
  3 rats
40 creatures vanquished.

Notes
Turn   | Place    | Note
-------+----------+-------------------------------------------
     0 | D:1      | shadowrider38 the Formicid Enchanter began the quest for
                  | the Orb.
     0 | D:1      | Reached XP level 1. HP: 13/13 MP: 3/3
   152 | D:1      | Reached skill level 1 in Fighting
   265 | D:1      | Reached XP level 2. HP: 19/21 MP: 5/5
   280 | D:1      | Learned a level 2 spell: Ensorcelled Hibernation
   407 | D:1      | Reached skill level 2 in Fighting
   467 | D:1      | Found The Oracle's Delphic Readings.
   733 | D:1      | Reached XP level 3. HP: 24/28 MP: 6/6
  1045 | D:1      | Reached skill level 3 in Fighting
  1371 | D:2      | Found a faded altar of an unknown god.
  1383 | D:2      | Prayed at the altar of an unknown god.
  1383 | D:2      | Became a worshipper of Makhleb the Destroyer
  1383 | D:2      | Reached * piety under Makhleb
  1501 | D:2      | Reached XP level 4. HP: 35/35 MP: 7/7
  1702 | D:2      | Found a shimmering altar of Xom.
  1958 | D:3      | Found a runed translucent door.
  1959 | D:3      | Noticed Crazy Yiuf
  1999 | D:3      | Noticed Grinder
  2107 | D:3      | Killed Grinder
  2108 | D:3      | Reached skill level 4 in Fighting
  2108 | D:3      | Reached skill level 6 in Fighting
  2108 | D:3      | Reached XP level 5. HP: 23/46 MP: 8/8
  2108 | D:3      | Reached XP level 6. HP: 26/52 MP: 9/9
  2389 | D:3      | Noticed Ijyb
  2447 | D:3      | Slain by Crazy Yiuf

Illustrated notes

Levels and vault maps discovered:
D:1:      psy_arrival_terrarium, layout_basic, nicolae_nh_oracle_at_delphi
D:2:      layout_basic, basic_altar, basic_ecumenical_altar,
          minmay_misc_feat_nine_boxes, minmay_increasing_density
D:3:      layout_rooms, kennysheep_slug_shrine, lemuel_doored_altar,
          lemuel_tele_altar, uniq_robin, uniq_crazy_yiuf_cottage, uniq_ijyb,
          uniq_grinder

Skill      XL: |  1  2  3  4 |
---------------+-------------+-----
Fighting       | 1 2 3 6 |  6.2
Short Blades   | |  1.0
Dodging        | |  1.7
Stealth        | |  3.6
Spellcasting   | |  2.1
Hexes          | |  3.6

Action                     |  1- 3 |  4- 6 || total
---------------------------+-------+-------++-------
  Melee: Dagger            |    93 |    34 ||   127
         Punch             |       |     1 ||     1
   Cast: Ensorcelled Hiber |     7 |       ||     7
    Use: Scroll            |     1 |     5 ||     6
         Potion            |       |     2 ||     2
   Stab: Sleeping          |     8 |     1 ||     9
 Armour: Robe              |    12 |     2 ||    14
  Dodge: Dodged            |    53 |    18 ||    71
